 Dungeon Crawl Stone Soup version 0.29.1-2-gbd0b4ee654 (webtiles) character file.

Game seed: 11063277378250758911

28 funnyparkerb the Caller (level 2, -1/16 HPs)
             Began as a Felid Summoner on Nov 2, 2022.
             Slain by an adder (2 damage)
             ... on level 2 of the Dungeon.
             The game lasted 00:03:42 (2471 turns).

funnyparkerb the Caller (Felid Summoner)            Turns: 2471, Time: 00:03:43

Health: -1/16      AC:  1    Str:  4    XL:     2   Next: 96%
Magic:  1/6        EV: 17    Int: 16    God:
Gold:   47         SH:  0    Dex: 16    Spells: 3/6 levels left
                                        Lives:  0   Deaths: 0

rFire   . . .      SeeInvis +   (weapon unavailable)
rCold   . . .      Faith    .   (shield unavailable)
rNeg    . . .      Spirit   .   (body armour unavailable)
rPois   .          Reflect  .   (helmet unavailable)
rElec   .          Harm     .   (cloak unavailable)
rCorr   .          Rampage  .   (gloves unavailable)
Will    .....                   (boots unavailable)
Stlth   ..........              (no amulet)
HPRegen 0.05/turn               (no ring)
MPRegen 0.10/turn               (no ring)

@: berserking, silenced, hasted, very quick
A: very small, claws 1, fangs 3, see invisible, speed 1, shaggy fur 1, stealthy
paws, no weapons or thrown items, no armour, multi-lived
a: no special abilities


You were on level 2 of the Dungeon.
You visited 1 branch of the dungeon, and saw 2 of its levels.

You collected 47 gold pieces.

Inventory:

Jewellery
 f - a ring of protection from cold
Scrolls
 c - 2 scrolls of silence
 e - a scroll of summoning {unknown}
 n - a scroll of identify {unknown}
Potions
 a - a potion of magic
 b - a potion of mutation {unknown}
 d - 2 potions of haste
 g - a potion of berserk rage
 h - a potion of lignification {unknown}
 i - a potion of resistance {unknown}
 j - a potion of heal wounds {unknown}
 k - 3 potions of attraction {unknown}
 l - 2 potions of curing {unknown}
 m - a potion of might {unknown}
 o - a potion of cancellation {unknown}


   Skills:
 - Level 2.6 Dodging
 - Level 2.6 Stealth
 + Level 2.7 Spellcasting
 + Level 4.5 Summonings


You had 3 spell levels left.
You knew the following spells:

 Your Spells              Type           Power      Damage    Failure   Level
a - Summon Small Mammal   Summ           64%        N/A       3%          1
b - Call Imp              Summ           16%        N/A       4%          2

Your spell library contained the following spells:

 Spells                   Type           Power      Damage    Failure   Level
 Call Canine Familiar     Summ           16%        N/A       9%          3
 Summon Guardian Golem    Hex/Summ       9%         N/A       22%         3
 Summon Lightning Spire   Summ/Air       9%         N/A       58%         4


Dungeon Overview and Level Annotations

Branches:
Dungeon (2/15)

Altars:

Shops:
D:2 :

Annotations:
D:2 Terence


Innate Abilities, Weirdness & Mutations

You have sharp claws.
You have razor-sharp teeth.
You have supernaturally acute eyesight. (SInv)
You cover ground quickly. (Speed+)
You are covered in fur. (AC +1)
Your paws help you pounce on unaware monsters.
You are incapable of wielding weapons or throwing items.
You cannot wear armour.
You gain extra lives every three experience levels.


Message History

The bat hits your rat but does no damage.
The bat hits your rat. The adder barely misses you.
Your crimson imp hits the adder.
The bat barely misses your rat.
Your rat bites the bat.
Your magical contamination has completely faded away.
You feel sick.
The bat hits your rat but does no damage.
Your bat barely misses the adder.
Your crimson imp misses the adder.
As you read the scroll labelled KAPLUI XY FEI, it crumbles to dust.
A profound silence engulfs you.
It was a scroll of silence.
You feel sick.
Your bat misses the adder. The adder misses you.
The kobold throws a stone.
The stone hits your rat.
Your crimson imp closely misses the adder.
Your bat hits the adder but does no damage.
The adder barely misses you.
It was a potion of haste.
You feel yourself speed up.
You feel sick.
Your bat hits the adder.
Your bat closely misses the adder.
Your rat misses the adder.
Your crimson imp completely misses the adder.
The adder barely misses you.
It was a potion of berserk rage.
A red film seems to cover your vision as you go berserk!
You feel yourself moving faster!
You feel mighty!
You feel sick.
You are no longer poisoned.
Your bat barely misses the adder.
Your rat misses the adder. The adder bites you.
* * * LOW HITPOINT WARNING * * *
Your crimson imp closely misses the adder.
You are too berserk!
You scratch the adder.
The adder is severely wounded.
Your bat misses the adder.
Your bat hits the adder but does no damage.
The adder barely misses your bat.
Your rat bites the adder.
Your crimson imp barely misses the adder.
You miss the adder.
The adder is almost dead.
Your bat misses the adder. The bat closely misses your rat.
The adder bites you.
You die...

#..######.........#...#.....
#.#.. #..........ยง.#####.
#.##.# #.......#.#.# ## ...
..# #(##......#.#.# # . ..
... #.........#.#.# #
....######bK....#.# #
.......br....###.######
..#?..S5....# #5......
#..@......# #.###.##
####+###### #.###.##
#......# #.###.## #####.#
#### #.....# # #.###.# # #K#
#.######


You could see an adder (ally target), a bat, a kobold, a friendly crimson imp
(summoned, unsilenced), a friendly bat (summoned) and a friendly rat (summoned).

Vanquished Creatures
  A bat (D:1)
1 creature vanquished.

Vanquished Creatures (collateral kills)
  A dart slug (D:1)
  An endoplasm (D:2)
  A giant cockroach (D:1)
  3 goblins
  4 hobgoblins
  4 kobolds (D:1)
  A quokka (D:1)
  3 ball pythons
  2 bats (D:1)
  A rat (D:1)
21 creatures vanquished.

Grand Total: 22 creatures vanquished

Notes
Turn   | Place    | Note
-------+----------+-------------------------------------------
     0 | D:1      | funnyparkerb the Felid Summoner began the quest for the
                  | Orb.
     0 | D:1      | Reached XP level 1. HP: 7/7 MP: 4/4
   560 | D:1      | Found a faded altar of an unknown god.
   884 | D:1      | Reached XP level 2. HP: 11/11 MP: 3/6
   887 | D:1      | Learned a level 2 spell: Call Imp
  1559 | D:2      | Noticed Terence
  1780 | D:2      | Found Cary's Book Shop.
  2471 | D:2      | Slain by an adder

Illustrated notes

Levels and vault maps discovered:
D:1:      doesnt_arrival_eight_statues, layout_basic,
          ebering_ecumenical_altar_mist
D:2:      layout_basic, serial_shops, nicolae_shop_behind_doors, minmay_cut_off,
          uniq_terence

Action                   || total
-------------------------++-------
Melee: Unarmed           ||     7
 Cast: Summon Small Mamm ||    20
       Call Imp          ||    15
  Use: Potion            ||     2
       Scroll            ||     1
Armor: Skin              ||     2
Dodge: Dodged            ||    44
